 Dungeon Crawl Stone Soup version 0.24-a0-639-gb70a11d811 (webtiles) character file.

Game seed: 17946118125903020236, levelgen mode: deterministic

43 Masnef the Slasher (level 3, 0/27 HPs)
             Began as a Human Warper on Sept 21, 2019.
             Succumbed to an adder's poison
             ... on level 2 of the Dungeon.
             The game lasted 00:04:40 (1661 turns).

Masnef the Slasher (Human Warper)                   Turns: 1661, Time: 00:04:41

Health: 0/27       AC:  4    Str: 12    XL:     3   Next: 82%
Magic:  6/6        EV: 12    Int: 13    God:
Gold:   150        SH:  0    Dex: 12    Spells: 2/6 levels left

rFire    + . .     SeeInvis .   n - +0 morningstar
rCold    x . .     Gourm    .   (no shield)
rNeg     . . .     Faith    .   b - +0 leather armour
rPois    .         Spirit   .   m - +0 helmet
rElec    .         Reflect  .   (no cloak)
rCorr    .         Harm     .   (no gloves)
MR       .....                  (no boots)
Stlth    +.........             (no amulet)
HPRegen  0.09/turn              h - ring of fire (curse)
MPRegen  0.10/turn              (no ring)

@: lethally poisoned (0 -> -7)
A: no striking features
a: no special abilities


You were on level 2 of the Dungeon.
You were not hungry.

You visited 1 branch of the dungeon, and saw 2 of its levels.

You collected 150 gold pieces.

Inventory:

Hand Weapons
 a - a +0 falchion
 n - a +0 morningstar (weapon)
Missiles
 e - 5 boomerangs of dispersal (quivered)
Armour
 b - a +0 leather armour (worn)
 m - a +0 helmet (worn)
Jewellery
 h - a cursed ring of fire (left hand)
Scrolls
 d - 4 scrolls of blinking
 g - 2 scrolls of remove curse {unknown}
 i - a scroll of amnesia {unknown}
 j - a scroll of magic mapping {unknown}
 l - 2 scrolls of identify {unknown}
Potions
 c - 2 potions of lignification {unknown}
Comestibles
 f - a ration
 k - a chunk of flesh


   Skills:
 - Level 2.0 Fighting
 - Level 3.6 Long Blades
 - Level 1.0 Throwing
 - Level 1.0 Armour
 - Level 2.0 Dodging
 - Level 2.0 Spellcasting
 * Level 3.2 Translocations


You had 2 spell levels left.
You knew the following spells:

 Your Spells              Type           Power        Failure   Level  Hunger
a - Blink                 Tloc           N/A          13%         2    ###....
b - Shroud of Golubria    Chrm/Tloc      #.....       26%         2    ###....

Your spell library contained the following spells:

 Spells                   Type           Power        Failure   Level  Hunger
 Gell's Gravitas          Tloc           #.........   26%         3    ####...
 Lesser Beckoning         Tloc           #.........   26%         3    ####...
 Teleport Other           Tloc           #.......     26%         3    ####...
 Passage of Golubria      Tloc           N/A          63%         4    #####..


Dungeon Overview and Level Annotations

Branches:
Dungeon (2/15)

Altars:


Message History

The adder is severely wounded.
* * * LOW HITPOINT WARNING * * *
You feel sick. The adder closely misses you.
The adder bites you but does no damage.
You closely miss the adder.
The adder is severely wounded.
The jackal barks!
The adder bites you.
* * * LOW HITPOINT WARNING * * *
The adder misses you.
You barely miss the adder.
The adder is severely wounded.
* * * LOW HITPOINT WARNING * * *
You feel sick. The adder bites you but does no damage. The adder bites you.
* * * LOW HITPOINT WARNING * * *
You are more poisoned.
The adder poisons you!
You hit the adder but do no damage.
The adder is severely wounded.
You die...

#.# ##.##.# #.# ##.#
#..###..##.#####.####...
#.#...#.................
####[...............###....
#..........................
#.##.#######..##########...
#.# .... ##..
#.########.### ###
#......@Sh.# #####.###<.#
##.## ..... #.## ...### #.#
...# #.# .... ##. ..### #.
.## #. ###


You could see an adder and a jackal.

Vanquished Creatures
  A worm (D:2)
  2 dart slugs
  3 giant cockroaches (D:1)
  7 goblins
  4 hobgoblins
  A jackal (D:2)
  4 kobolds
  A ball python (D:2)
  7 bats
  2 frilled lizards (D:1)
  2 rats (D:1)
34 creatures vanquished.

Notes
Turn   | Place    | Note
-------+----------+-------------------------------------------
     0 | D:1      | Masnef the Human Warper began the quest for the Orb.
     0 | D:1      | Reached XP level 1. HP: 16/16 MP: 3/3
   261 | D:1      | Reached XP level 2. HP: 9/22 MP: 5/5
   276 | D:1      | Learned a level 2 spell: Blink
   279 | D:1      | Learned a level 2 spell: Shroud of Golubria
   649 | D:1      | You fall into a shaft and drop 1 floor!
   808 | D:2      | Reached XP level 3. HP: 26/27 MP: 6/6
  1660 | D:2      | HP: 1/27 [adder (1)]
  1661 | D:2      | Succumbed to an adder's poison

Levels and vault maps discovered:
D:1:      lemuel_arrival_hallway, layout_loops_ring
D:2:      layout_loops_ring

Skill      XL: |  1  2 |
---------------+-------+-----
Long Blades    | 3 |  3.6
Fighting       | |  2.0
Throwing       | |  1.0
Armour         | |  1.0
Dodging        | |  2.0
Spellcasting   | |  2.0
Translocations | |  3.2

Action                   || total
-------------------------++-------
Melee: Falchion          ||   117
       Morningstar       ||    11
 Cast: Shroud of Golubri ||     1
 Stab: Sleeping          ||     1
  Eat: Chunk             ||     3
Armor: Leather armour    ||    45
Dodge: Dodged            ||    82
       Rpst.: Falchion   ||    24

Table legend:
 A = Non-vault XP
 B = Vault XP
 C = Vault XP percentage of total XP
 D = Non-vault monster count
 E = Vault monster count
 F = Vault count percentage of total count
                 A         B        C        D         E       F
            +---------+---------+-------+---------+---------+-------
      Total |      62 |       0 |   0.0 |      34 |       0 |   0.0
            +---------+---------+-------+---------+---------+-------
        D:1 |      40 |       0 |   0.0 |      25 |       0 |   0.0
        D:2 |      22 |       0 |   0.0 |       9 |       0 |   0.0
            +---------+---------+-------+---------+---------+-------
